 Dungeon Crawl Stone Soup version 0.30-a0-377-g5cb311bc9f (webtiles) character file.

Game seed: 5963049261615260322

42600 Bnni the Impaler (level 14, -3/121 HPs)
             Began as a Formicid Fighter on Nov 29, 2022.
             Was a Believer of Yredelemnul.
             Slain by a molten gargoyle
             ... wielding a +0 flail
              (5 damage)
             ... while petrified by a catoblepas
             ... in a Gauntlet on Nov 30, 2022.
             The game lasted 00:39:37 (20046 turns).

Bnni the Impaler (Formicid Fighter)                Turns: 20046, Time: 00:39:38

Health: -3/121     AC: 17    Str: 26    XL:     14   Next: 56%
Magic:  22/22      EV:  2    Int:  8    God:    Yredelemnul [**....]
Gold:   1750       SH:  0    Dex: 13    Spells: 13/13 levels left

rFire   . . .      SeeInvis +    x - +0 glaive (venom)
rCold   . . .      Faith    +    c - +0 buckler
rNeg    + + +      Spirit   .    w - +1 plate armour {rPois}
rPois   ∞          Reflect  .    (helmet unavailable)
rElec   .          Harm     .    F - +2 cloak
rCorr   .          Rampage  .    s - +0 pair of gloves
Will    +....                    m - +0 pair of boots
Stlth   ..........               O - amulet of faith
HPRegen 0.40/turn                n - ring of poison resistance
MPRegen 0.18/turn                (no ring)

@: petrified
A: permanent stasis, dig shafts and tunnels, antennae 3, four strong arms
a: Dig, Renounce Religion, Recall Undead Harvest, Dark Bargain


You were in a Gauntlet.
You worshipped Yredelemnul.
Yredelemnul was aware of your devotion.
You visited 3 branches of the dungeon, and saw 17 of its levels.
You also visited: Gauntlet.

You collected 2607 gold pieces.
You spent 857 gold pieces at shops.

Inventory:

Hand Weapons
 a - a +0 trident
 x - a +0 glaive of venom (weapon)
 G - a +2 scimitar of flaming
Missiles
 b - 48 poisoned darts (quivered)
 A - 6 javelins
 I - a curare-tipped dart
Armour
 c - a +0 buckler (worn)
 m - a +0 pair of boots (worn)
 s - a +0 pair of gloves (worn)
 v - a +0 cloak of preservation
 w - a +1 plate armour of poison resistance (worn)
 F - a +2 cloak (worn)
Jewellery
 n - a ring of poison resistance (left hand)
 L - the ring "Nyimod" {Fire rN+++ Str-2 Dex+3}
   (You found it in a Gauntlet)

   [ring of fire]

   It enhances your fire magic.
   Str:       It affects your strength (-2).
   Dex:       It affects your dexterity (+3).
   rF:        It protects you from fire.
   rC:        It makes you vulnerable to cold.
   rN:        It renders you almost immune to negative energy.
 O - an amulet of faith (around neck)
Wands
 d - a wand of quicksilver (3)
 t - a wand of digging (5)
 u - a wand of paralysis (13)
 y - a wand of flame (69)
 z - a wand of mindburst (8)
 C - a wand of polymorph (19)
Scrolls
 g - a scroll of fear
 h - a scroll of summoning
 i - 2 scrolls of immolation
 k - 3 scrolls of magic mapping
 o - 5 scrolls of poison
 p - a scroll of amnesia
 q - 3 scrolls of enchant armour
 E - 3 scrolls of enchant weapon
 K - a scroll of brand weapon
 N - 3 scrolls of fog {unknown}
Potions
 e - 2 potions of attraction {unknown}
 f - 3 potions of curing
 j - 2 potions of cancellation
 l - a potion of resistance
 r - 5 potions of lignification
 B - 4 potions of flight
 D - 6 potions of mutation
 M - a potion of ambrosia {unknown}
Miscellaneous
 J - a lightning rod (4/4)


   Skills:
 + Level 14.4 Fighting
 * Level 17.9 Polearms
 - Level 3.2 Armour
 - Level 5.0 Shields
 + Level 11.8 Invocations


You had 13 spell levels left.
You didn't know any spells.
Your spell library contained the following spells:

 Spells                   Type           Power      Damage    Failure   Level
 Sting                    Tmut/Pois      0%         1d3       100%        1
 Cigotuvi's Dreadful Rot  Necr/Pois/Air  0%         N/A       100%        2
 Poisonous Vapours        Pois/Air       0%         N/A       100%        2
 Sublimation of Blood     Necr           0%         N/A       100%        2
 Dazzling Flash           Conj/Hex       0%         N/A       100%        3
 Hailstorm                Conj/Ice       0%         3d3       100%        3
 Ignite Poison            Fire/Tmut/Pois 0%         N/A       100%        3
 Kindle Blastsparks       Fire/Tloc/Air  0%         2d10      100%        3
 Mephitic Cloud           Conj/Pois/Air  0%         N/A       100%        3
 Ice Form                 Ice/Tmut       0%         N/A       100%        4
 Olgreb's Toxic Radiance  Pois           0%         N/A       100%        4
 Petrify                  Tmut/Erth      0%         N/A       100%        4
 Agony                    Necr           0%         N/A       100%        5
 Freezing Cloud           Conj/Ice/Air   0%         6-21      100%        5
 Irradiate                Conj/Tmut      0%         3d11      100%        5
 Metabolic Englaciation   Hex/Ice        0%         N/A       100%        5
 Silence                  Hex/Air        0%         N/A       100%        5
 Statue Form              Tmut/Erth      0%         N/A       100%        6
 Simulacrum               Ice/Necr       Unusable   N/A       N/A         6

Dungeon Overview and Level Annotations

Branches:
Dungeon (15/15)            Temple (1/1) D:6            Lair (1/5) D:11
    Orc (0/2) D:9          Vaults (0/5) D:13         Depths (0/4) D:15
Gauntlet (1/1)

Altars:
Ashenzari
Cheibriados
Dithmenos
Elyvilon
Fedhas
Gozag
Hepliaklqana
Kikubaaqudgha
Makhleb
Nemelex Xobeh
Okawaru
Qazlal
Ru
Sif Muna
Trog
Uskayaw
Vehumet
Wu Jian
Xom
Yredelemnul
Zin
The Shining One

Shops:
D:11 =   D:12 *   D:13 !!=[   D:14 (

Portals:
Trove: D:12 (give +5 fire dragon scales)

Annotations:
Gauntlet 5 transporters, 1 runed translucent door


Innate Abilities, Weirdness & Mutations

You cannot be hasted, slowed, berserked, paralysed or teleported.
You can dig through walls and to a lower floor.
You have a pair of large antennae on your head. (SInv)
Your four strong arms can wield two-handed weapons with a shield.


Message History

You assume a fearsome visage.
The molten gargoyle is unaffected.
The catoblepas resists with almost no effort.
The gargoyle is unaffected.
You are engulfed in calcifying dust.
Your limbs have turned to stone.
The molten gargoyle hits you but does no damage.
The gargoyle hurls a stone arrow at your slime creature zombie.
The stone arrow hits your slime creature zombie!!
The catoblepas breathes a plume of calcifying dust at you.
The blast of calcifying dust hits you but does no damage.
Your slime creature zombie hits the gargoyle but does no damage.
The catoblepas gores you.
* * * LOW HITPOINT WARNING * * *
The molten gargoyle hits you with a +0 flail.
* * * LOW HITPOINT WARNING * * *
You are engulfed in flames!
* * * LOW HITPOINT WARNING * * *
The gargoyle hits your slime creature zombie with a +0 mace!!
Your elephant zombie is engulfed in calcifying dust.
Your elephant zombie is moving more slowly.
You have turned to stone.
You can no longer drain ambient life force.
The molten gargoyle barely misses you.
The gargoyle hurls a stone arrow at your slime creature zombie.
The stone arrow hits your slime creature zombie!!
Your slime creature zombie is destroyed!
The catoblepas breathes a plume of calcifying dust at you.
The blast of calcifying dust hits you but does no damage.
You are engulfed in calcifying dust.
The molten gargoyle hits you but does no damage.
Your elephant zombie tramples the molten gargoyle but does no damage.
Your elephant zombie trunk-slaps the molten gargoyle but does no damage.
The gargoyle hits something with a +0 mace!!
The catoblepas breathes a plume of calcifying dust at you.
The blast of calcifying dust hits you but does no damage.
You are engulfed in calcifying dust.
The molten gargoyle hits you with a +0 flail!
* * * LOW HITPOINT WARNING * * *
You are engulfed in flames!
You die...
Your body rises from the dead as a mindless zombie.

#≈≈≈#≈≈≈#≈≈≈#≈≈≈#
#≈...........≈#
##...........##
##≈...........≈##
#≈≈.#########.≈≈#
##≈.#..(©?..#.≈##
##.#..#....#.##
##≈.#Z###ZZ.#.≈##
#≈≈.#Z@#Z#..#.≈≈#
##≈.#Y99###.#.≈##
##.#....#..#.##
##≈.#.......#.≈##
#≈≈.#########.≈≈#
##≈.#8..©#....≈##
##.#©...#.8..##
##≈.#8..©#....≈##
#≈≈.#########.≈≈#


You could see a catoblepas, a molten gargoyle, a gargoyle (distracted, ally
target), a friendly elephant zombie (petrifying) and a friendly dire elephant
zombie.

Vanquished Creatures
  A stone giant (D:15)
  A dire elephant (Gauntlet)
  A yaktaur captain (D:13)
  An ogre mage (D:15)
  4 centaur warriors (D:14)
  3 boulder beetles
  A wretched star (Gauntlet)
  A soul eater (D:15)
  4 skeletal warriors
  A sixfirhy (D:15)
  3 deep elf pyromancers
  An orc knight (D:15)
  3 ugly things
  4 manticores
  2 cyclopes
  2 elephants (Gauntlet)
  A rust devil (D:15)
  Joseph (D:7)
  An orange demon (D:15)
  A smoke demon (Gauntlet)
  An ice statue (D:15)
  2 unseen horrors
  2 kobold demonologists (D:9)
  2 yaktaurs (D:13)
  A komodo dragon (D:11)
  A freezing wraith (D:14)
  2 hellwings (D:15)
  A troll (D:14)
  A hornet (D:10)
  Prince Ribbit (D:7)
  12 slime creatures
  3 wraiths
  A shadow (D:10)
  15 yaks
  2 vampires (D:12)
  A ynoxinul (D:15)
  2 steam dragons
  A basilisk (D:15)
  Eustachio (D:6)
  3 wyverns
  A human (D:8)
  5 vampire mosquitoes
  3 wargs (D:11)
  Edmund (D:4)
  A hell hound (D:15)
  A water moccasin (D:8)
  An acid dragon (D:12)
  6 orc warriors
  2 ice beasts
  2 ogres
  6 centaurs
  2 kobold brigands
  4 bullfrogs
  A necrophage (D:5)
  6 scorpions
  3 wights (D:6)
  17 killer bees
  3 howler monkeys
  3 crimson imps (Gauntlet)
  A hound (D:5)
  4 jellies
  Crazy Yiuf (D:4)
  2 gnoll boudas
  6 orc priests
  Jessica (D:2)
  2 iguanas
  Ijyb (D:4)
  10 orc wizards
  Robin (D:4)
  7 gnolls
  6 adders
  An ufetubus (D:7)
  3 worms
  3 dart slugs
  28 orcs
  3 endoplasms
  A giant cockroach (D:4)
  11 goblins
  11 hobgoblins
  21 kobolds
  5 quokkas
  8 ball pythons
  3 bats (D:1)
  3 frilled lizards
  A goblin zombie (D:8)
  A kobold zombie (D:8)
  5 rats
310 creatures vanquished.

Vanquished Creatures (collateral kills)
  Azrael (D:15)
  A catoblepas (D:13)
  3 two-headed ogres
  An obsidian statue (D:15)
  A deep elf pyromancer (D:13)
  2 ugly things (D:14)
  An elephant (Gauntlet)
  An orange demon (D:15)
  2 smoke demons (D:15)
  An efreet (D:15)
  A hellwing (D:14)
  A troll (D:14)
  4 slime creatures
  3 fire elementals (D:15)
  A neqoxec (Gauntlet)
  2 vampire mosquitoes
  2 hell hounds (D:15)
  An orc warrior (D:15)
  4 ogres (D:15)
  4 centaurs (D:11)
  2 kobold brigands (D:10)
  2 orc priests (D:11)
  3 orc wizards (D:11)
  A gnoll (D:9)
  3 orcs
  8 kobolds (D:10)
56 creatures vanquished.

Vanquished Creatures (others)
  A stone giant zombie (D:15)
  A spectral soul eater (D:15)
  An unseen horror zombie (D:10)
  5 slime creature zombies
  A spectral orange demon (D:15)
  A spectral rust devil (D:15)
  A two-headed ogre zombie (D:15)
  2 spectral hellwings (D:15)
  A spectral efreet (D:15)
  An elephant zombie (Gauntlet)
  A manticore zombie (D:15)
  3 elf zombies
  A spectral neqoxec (Gauntlet)
  A yaktaur zombie (D:13)
  A wyvern zombie (D:11)
  A water moccasin zombie (D:8)
  A hell hound zombie (D:15)
  A warg zombie (D:11)
  3 yak zombies
  A basilisk zombie (D:15)
  3 centaur zombies
  3 killer bee zombies
  An acid dragon zombie (D:12)
  2 ogre zombies (D:15)
  A howler monkey zombie (D:9)
  3 spectral crimson imps (Gauntlet)
  A jelly zombie (Gauntlet)
  5 gnoll zombies
  9 kobold zombies
  7 orc zombies
  8 demonic plants (D:15)
  4 plants
76 creatures vanquished.

Grand Total: 442 creatures vanquished

Notes
Turn   | Place    | Note
-------+----------+-------------------------------------------
     0 | D:1      | Bnni the Formicid Fighter began the quest for the Orb.
     0 | D:1      | Reached XP level 1. HP: 18/18 MP: 1/1
   106 | D:1      | Reached XP level 2. HP: 24/24 MP: 2/2
   304 | D:1      | Found a faded altar of an unknown god.
   459 | D:1      | Reached XP level 3. HP: 29/29 MP: 3/3
   890 | D:2      | Reached XP level 4. HP: 37/37 MP: 4/4
   929 | D:2      | Reached skill level 3 in Polearms
   929 | D:2      | Reached skill level 5 in Shields
  1239 | D:2      | Noticed Jessica
  1248 | D:2      | Killed Jessica
  1693 | D:3      | Found a sparkling altar of Nemelex Xobeh.
  1708 | D:3      | Found an opulent altar of Gozag.
  1735 | D:3      | Reached XP level 5. HP: 30/42 MP: 5/5
  1902 | D:3      | You fall into a shaft and drop 1 floor!
  1906 | D:4      | Found a white marble altar of Elyvilon.
  1910 | D:4      | Noticed Edmund
  1930 | D:4      | Killed Edmund
  1931 | D:4      | Reached skill level 4 in Polearms
  1931 | D:4      | Reached XP level 6. HP: 21/49 MP: 6/6
  2112 | D:4      | Reached skill level 5 in Polearms
  2286 | D:4      | Noticed Ijyb
  2296 | D:4      | Reached skill level 5 in Fighting
  2303 | D:4      | Reached XP level 7. HP: 53/56 MP: 7/7
  2308 | D:4      | Killed Ijyb
  2476 | D:4      | HP: 2/56 [ogre/+0 giant club (12)]
  2694 | D:4      | Noticed Robin
  2704 | D:4      | Killed Robin
  2705 | D:4      | Reached skill level 6 in Polearms
  2948 | D:4      | Found a runed translucent door.
  2949 | D:4      | Noticed Crazy Yiuf
  2963 | D:4      | Killed Crazy Yiuf
  3512 | D:5      | Entered Level 5 of the Dungeon
  3537 | D:5      | Reached XP level 8. HP: 61/64 MP: 8/8
  3723 | D:5      | Reached skill level 7 in Polearms
  4081 | D:5      | Found a hazy altar of Hepliaklqana.
  4301 | D:6      | Noticed a yak
  4301 | D:6      | Noticed a yak
  4301 | D:6      | Noticed a yak
  4301 | D:6      | Noticed a yak
  4301 | D:6      | Noticed a yak
  4304 | D:6      | Noticed a yak
  4331 | D:5      | Killed a yak
  4775 | D:6      | Found a staircase to the Ecumenical Temple.
  4784 | Temple   | Entered the Ecumenical Temple
  4987 | D:6      | Reached skill level 8 in Polearms
  5183 | D:6      | Killed a yak
  5184 | D:6      | Reached XP level 9. HP: 61/72 MP: 9/9
  5363 | D:5      | Reached skill level 9 in Polearms
  5593 | D:6      | Noticed Eustachio
  5771 | D:6      | Killed Eustachio
  6131 | D:5      | Reached skill level 10 in Polearms
  6600 | D:7      | Noticed Joseph
  6638 | D:7      | Killed Joseph
  6639 | D:7      | Reached skill level 11 in Polearms
  6639 | D:7      | Reached XP level 10. HP: 46/83 MP: 5/10
  6703 | D:7      | Noticed Prince Ribbit
  6762 | D:7      | Killed Prince Ribbit
  6977 | D:7      | Found an iron altar of Okawaru.
  7730 | D:8      | Found a runed translucent door.
  7734 | D:8      | Found a basalt altar of Yredelemnul.
  7853 | D:8      | Became a worshipper of Yredelemnul the Dark
  7904 | D:8      | Reached skill level 12 in Polearms
  7904 | D:8      | Reached skill level 1 in Invocations
  8199 | D:8      | Reached * piety under Yredelemnul
  8285 | D:8      | Reached skill level 10 in Fighting
  8536 | D:8      | Found a bloodstained altar of Trog.
  8889 | D:8      | Reached XP level 11. HP: 49/91 MP: 7/13
  9065 | D:9      | Found a staircase to the Orcish Mines.
  9094 | D:9      | Noticed a two-headed ogre
  9115 | D:9      | Noticed a sixfirhy
  9394 | D:9      | Noticed a sixfirhy
  9431 | D:9      | Reached ** piety under Yredelemnul
  9626 | D:9      | Killed a two-headed ogre
  9627 | D:9      | Reached skill level 13 in Polearms
  9680 | D:9      | Identified the +7 long sword "Jafix" {vorpal, rElec rPois
                  | rC+}
 10176 | D:9      | Found a shimmering altar of Xom.
 10222 | D:10     | Entered Level 10 of the Dungeon
 10258 | D:10     | Reached skill level 5 in Invocations
 10789 | D:10     | Reached *** piety under Yredelemnul
 11054 | D:11     | Noticed a manticore
 11066 | D:11     | Killed a manticore
 11382 | D:11     | Found Owuch's Jewellery Emporium.
 11416 | D:11     | Found a staircase to the Lair.
 11452 | D:11     | Reached skill level 14 in Polearms
 11469 | D:11     | HP: 4/93 [orc wizard/+0 dagger (2)]
 11807 | D:11     | Reached XP level 12. HP: 100/100 MP: 16/16
 12309 | D:12     | Noticed a boulder beetle
 12330 | D:12     | Killed a boulder beetle
 12740 | D:12     | Noticed a skeletal warrior
 12741 | D:12     | Noticed a skeletal warrior
 12764 | D:12     | Killed a skeletal warrior
 12952 | D:12     | Killed a skeletal warrior
 13183 | D:12     | Noticed a skeletal warrior
 13184 | D:12     | Noticed a skeletal warrior
 13209 | D:11     | Killed a skeletal warrior
 13290 | D:11     | Killed a skeletal warrior
 13659 | D:12     | Reached skill level 15 in Polearms
 13757 | D:12     | Found Uclu's Elemental Accessories.
 13880 | D:12     | Found a portal to a secret trove of treasure.
 14025 | D:12     | Noticed a boulder beetle
 14064 | D:12     | Killed a boulder beetle
 14390 | D:13     | Found Pahu's Antique Armour Shop.
 14458 | D:13     | Noticed a yaktaur captain
 14479 | D:13     | Killed a yaktaur captain
 14490 | D:13     | Found a gate to the Vaults.
 14853 | D:13     | Reached **** piety under Yredelemnul
 14853 | D:13     | Reached XP level 13. HP: 52/109 MP: 8/19
 15147 | D:13     | Found Ruef's Jewellery Boutique.
 15151 | D:13     | Found Qoajioll's Distillery.
 15245 | D:13     | Found a blossoming altar of Fedhas.
 15425 | D:13     | Found Nidi's Distillery.
 15613 | D:13     | Noticed a catoblepas
 15633 | D:13     | Killed a catoblepas
 15733 | D:13     | Bought an amulet of faith for 720 gold pieces
 15851 | D:14     | Noticed a centaur warrior
 15865 | D:14     | Killed a centaur warrior
 15866 | D:14     | Reached skill level 16 in Polearms
 16146 | D:14     | Noticed a centaur warrior
 16159 | D:14     | Killed a centaur warrior
 16420 | D:14     | Noticed a centaur warrior
 16429 | D:14     | Killed a centaur warrior
 16581 | D:14     | Found Woshet's Weapon Boutique.
 16591 | D:14     | Bought a +0 glaive of venom for 137 gold pieces
 16721 | D:14     | Noticed a centaur warrior
 16731 | D:14     | Killed a centaur warrior
 16732 | D:14     | Reached ***** piety under Yredelemnul
 16741 | D:14     | Reached skill level 10 in Invocations
 16748 | D:14     | Reached ****** piety under Yredelemnul
 17164 | D:15     | Entered Level 15 of the Dungeon
 17166 | D:15     | Found a staircase to the Depths.
 17166 | D:15     | Noticed a stone giant
 18037 | D:15     | Noticed Azrael
 18052 | D:15     | Killed Azrael
 18057 | D:15     | HP: 5/112 [fire elemental[Azrael] (4)]
 18061 | D:15     | Reached skill level 17 in Polearms
 18172 | D:15     | Killed a stone giant
 18173 | D:15     | Reached XP level 14. HP: 56/119 MP: 22/22
 19485 | Lair:1   | Entered Level 1 of the Lair of Beasts
 19512 | Lair:1   | Found a gate leading to a gauntlet.
 19553 | Lair:1   | Identified 2 scrolls of acquirement
 19553 | Lair:1   | Acquired 504 gold pieces
 19556 | Gauntlet | Entered a Gauntlet
 19556 | Gauntlet | Found a transporter.
 19557 | Gauntlet | Acquired 1021 gold pieces
 19588 | Gauntlet | Found a transporter.
 19590 | Gauntlet | Found a transporter.
 19591 | Gauntlet | Found a transporter.
 19595 | Gauntlet | Found a runed translucent door.
 19595 | Gauntlet | Found a runed translucent door.
 19599 | Gauntlet | Found a transporter.
 19602 | Gauntlet | Found a transporter.
 19603 | Gauntlet | Found a transporter.
 19606 | Gauntlet | Noticed a dire elephant
 19615 | Gauntlet | Found a transporter.
 19616 | Gauntlet | Found a transporter.
 19616 | Gauntlet | Found a transporter.
 19624 | Gauntlet | Found a transporter.
 19627 | Gauntlet | Found a transporter.
 19628 | Gauntlet | Found a transporter.
 19639 | Gauntlet | Found a transporter.
 19900 | Gauntlet | Killed a dire elephant
 19984 | Gauntlet | Identified the ring "Nyimod" {Fire rN+++ Str-2 Dex+3}
 20039 | Gauntlet | HP: 6/121 [gargoyle/+0 mace (8)]
 20046 | Gauntlet | HP: 2/121 [molten gargoyle/+0 flail (4)]
 20046 | Gauntlet | Slain by a molten gargoyle

Illustrated notes

Levels and vault maps discovered:
D:1:      matt_arrival_grand_opening, layout_rooms,
          shapermc_ecumenical_altar_totnotflames
D:2:      layout_basic, uniq_jessica
D:3:      layout_basic, old_standard_altar, nemelex_diamond_rough_becter,
          serial_bayou_pond_d, minivault_5, nrook_campfire
D:4:      layout_basic, mainiacjoe_overflow_surrounded_room, kennysheep_path_1,
          uniq_crazy_yiuf_cottage, uniq_edmund, uniq_robin, uniq_ijyb
D:5:      layout_basic, worldfamousw_hep_ancestral_shrine
D:6:      layout_layer_cave, minmay_temple_entry_mist, uniq_eustachio
D:7:      layout_loops_ring, mainiacjoe_overflow_chevrons, uniq_joseph,
          uniq_prince_ribbit1
D:8:      layout_basic, dk_yredelemnul_ordeal, trog_book
D:9:      layout_roguey, lemuel_tele_altar, david_orc_3, solitary_fountain
D:10:     layout_cave_pools
D:11:     layout_irregular_city, erik_lair_orcish_takeover, serial_shops,
          nicolae_take_the_stairs
D:12:     layout_gridville, nicolae_trove_entry_crystal, nicolae_elemental_shop
D:13:     layout_roguey, david_vaults_2, serial_shops, shop, shop, shop_coins,
          shop, fedhas_altar_1
D:14:     layout_rooms, serial_shops, nicolae_shop_bloodbath_and_beyond
D:15:     grunt_enter_depths_giant_problem, layout_cave_pools, serial_demonic,
          serial_demonic_d, serial_demonic_d, serial_demonic_e,
          serial_demonic_f, serial_demonic_c, serial_demonic_a,
          serial_demonic_g, minivault_19, minmay_more_statues, uniq_azrael
Temple:   eino_narrow_crystal_temple
Lair:1:   layout_small_grid, gauntlet_entry_generic
Gauntlet: gammafunk_gauntlet_77_escape_option
          [minmay_gauntlet_arena_77_checkered,
          minmay_gauntlet_arena_77_shame_cube, minmay_gauntlet_arena_77_braids,
          minmay_gauntlet_arena_77_terracotta_army,
          minmay_gauntlet_arena_77_double_cross, gauntlet_exit_watery]

Skill      XL: |  1  2  3  4  5  6  7  8  9 10 11 12 13 14 |
---------------+-------------------------------------------+-----
Polearms       | 3 4 5 6 8 11 12 14 15 17 | 17.9
Shields        | 5 |  5.0
Fighting       | 4 5 6 7 9 10 11 12 13 14 | 14.4
Invocations    | 3 6 8 10 11 | 11.8
Armour         | |  3.2

Action                   |  1- 3 |  4- 6 |  7- 9 | 10-12 | 13-15 || total
-------------------------+-------+-------+-------+-------+-------++-------
Melee: Trident           |    91 |   115 |   355 |   412 |       ||   973
       Halberd           |       |       |       |   418 |    70 ||   488
       Glaive            |       |       |       |       |   254 ||   254
Throw: Dart              |       |       |    26 |    24 |     4 ||    54
       Javelin           |       |       |       |     5 |       ||     5
       Throwing net      |       |       |       |     2 |       ||     2
Invok: Recall Undead Har |       |       |       |     2 |     7 ||     9
       Dark Bargain      |       |       |       |     1 |       ||     1
       Bind Soul         |       |       |       |       |     1 ||     1
 Abil: Dig               |       |       |     1 |     3 |       ||     4
Evoke: Wand              |       |       |     4 |       |     3 ||     7
  Use: Potion            |       |     1 |     1 |     4 |    11 ||    17
       Scroll            |       |       |     9 |    11 |     7 ||    27
 Stab: Paralysed         |       |       |     2 |       |     1 ||     3
       Invisible         |       |       |       |     8 |       ||     8
       Distracted        |       |       |       |     5 |    10 ||    15
       Held in net/web   |       |       |       |     2 |       ||     2
Armor: Scale mail        |    72 |    45 |     3 |       |       ||   120
       Plate armour      |       |       |   152 |   359 |   188 ||   699
       Chain mail        |       |       |    10 |       |       ||    10
Dodge: Dodged            |    50 |    49 |    71 |   179 |    71 ||   420
Block: Buckler           |    41 |    12 |    76 |   138 |    45 ||   312

Table legend: (Time is in decaauts)
 A = Elapsed time spent in this place.
 B = Non-inter-level travel time spent in this place.
 C = Inter-level travel time spent in this place.
 D = Time resting spent in this place.
 E = Time spent auto-exploring this place.
 F = Levels seen in this place.
 G = Mean time per level.
                   A        B        C        D        E       F      G
               +--------+--------+--------+--------+--------+-----+--------+
         Total |  19824 |  19066 |    758 |   5741 |  10178 |  18 | 1101.3 |
       Dungeon |  19091 |  18345 |    746 |   5624 |   9760 |  15 | 1272.7 |
        Temple |    181 |    169 |     12 |      0 |    162 |   1 |  181.0 |
          Lair |     69 |     69 |      0 |      0 |     39 |   1 |   69.0 |
      Gauntlet |    481 |    481 |      0 |    117 |    217 |   1 |  481.0 |
               +--------+--------+--------+--------+--------+-----+--------+

Top non-repeatable levels by time:
    D:14: 1842 daAuts
    D:15: 1783 daAuts
    D:12: 1733 daAuts
     D:6: 1644 daAuts
     D:4: 1621 daAuts
     D:8: 1615 daAuts
    D:11: 1548 daAuts
    D:13: 1429 daAuts
     D:5: 1218 daAuts
     D:9: 967 daAuts
     D:7: 948 daAuts
     D:2: 941 daAuts
    D:10: 813 daAuts
     D:1: 723 daAuts
Gauntlet: 481 daAuts
